 Dungeon Crawl Stone Soup version 0.31-a0-949-g57150269e1 (webtiles) character file.

Game seed: 5181250969910808401

102809 p00ps00p the Severer (level 16, -3/155 HPs)
             Began as a Hill Orc Fighter on Oct 22, 2023.
             Was an Initiate of Gozag.
             Slain by a demonic crawler (10 damage)
             ... led by a torpor snail
             ... while paralysed by a jorogumo
             ... on level 1 of the Spider Nest.
             The game lasted 01:26:18 (30218 turns).

p00ps00p the Severer (Hill Orc Fighter)            Turns: 30218, Time: 01:26:20

Health: -3/155     AC: 24    Str: 40    XL:     16   Next: 34%
Magic:  16/16      EV:  2    Int:  5    God:    Gozag
Gold:   1597       SH:  0    Dex: 10    Spells: 15/15 levels left

rFire   + + +        e - +7 hand axe (venom)
rCold   + . .        F - +2 buckler {rF+}
rNeg    . . .        R - +0 gold dragon scales
rPois   +            m - +2 helmet
rElec   .            g - +0 cloak
rCorr   +            D - +2 pair of gloves {Str+3}
SInv    +            r - +0 pair of boots of Ciliseomo {-Cast Str+4}
Will    ++++.        l - amulet "Iduasch" {Reflect -Cast Str+6 SH+5 SInv} Stlth
                     s - ring of poison resistance
HPRegen 0.45/turn    h - ring "Qycranweta" {rPois rF+ Will+++ rCorr Int-3}
MPRegen 0.15/turn

%: no spellcasting, reflection
@: paralysed, about to teleport, corroded, gold aura, slowed, studying Armour,
invisible
A: no striking features
a: Renounce Religion, Potion Petition, Call Merchant, Bribe Branch


You were on level 1 of the Spider Nest.
You worshipped Gozag.
Gozag was most pleased with you.
You visited 6 branches of the dungeon, and saw 24 of its levels.
You also visited: Sewer, Bailey and Ice Cave.

You collected 10515 gold pieces.
You spent 3254 gold pieces at shops.
You paid 5664 gold pieces to Gozag.

Inventory:

Hand Weapons
 e - a +7 hand axe of venom (weapon)
 y - a +3 morningstar of freezing
 C - the +7 mace of Iconoclasm {spect, *Slow rF++ rN+++}
   (You bought it in a shop on level 2 of the Lair of Beasts)

   rF++:      It greatly protects you from fire.
   rN+++:     It renders you almost immune to negative energy.
   *Slow:     It may slow you when you take damage.
 U - a +3 broad axe of freezing
Missiles
 B - 2 throwing nets
 K - 22 poisoned darts (quivered)
 L - 5 curare-tipped darts
 M - 5 darts of dispersal
Armour
 g - a +0 cloak (worn)
 i - the +1 pair of gloves of the Louse {rN+}
   (You found it on level 3 of the Dungeon)

   rN+:       It protects you from negative energy.
 m - a +2 helmet (worn)
 r - the +0 pair of boots of Ciliseomo (worn) {-Cast Str+4}
   (You bought it in a shop on level 2 of the Orcish Mines)

   Str+4:     It affects your strength (+4).
   -Cast:     It prevents spellcasting.
 D - a +2 pair of gloves of strength (worn)
 F - a +2 buckler of fire resistance (worn)
 R - +0 gold dragon scales (worn)
Jewellery
 h - the ring "Qycranweta" (right hand) {rPois rF+ Will+++ rCorr Int-3}
   (You found it in an ice cave)

   [ring of protection from fire]

   Int-3:     It affects your intelligence (-3).
   rF+:       It protects you from fire.
   rPois:     It protects you from poison Will+++: It greatly increases your
   willpower.
   rCorr:     It protects you from acid and corrosion.
 l - the amulet "Iduasch" (around neck) {Reflect -Cast Str+6 SH+5 SInv}
   (You acquired it on level 14 of the Dungeon)

   [amulet of reflection]

   Reflect:   It reflects blocked missile attacks.
   Str+6:     It affects your strength (+6).
   SInv:      It lets you see invisible.
   -Cast:     It prevents spellcasting.
   SH+5:      It affects your SH (+5).
 o - a +6 ring of dexterity
 s - a ring of poison resistance (left hand)
 V - a ring of see invisible
 W - a ring of protection from cold
 Y - an amulet of guardian spirit
 Z - the amulet of the Blue Skies {Spirit Rampage Int+4 Dex+3}
   (You found it in an ice cave)

   [amulet of guardian spirit]

   Spirit:    It causes incoming damage to be divided between your reserves of
   health and magic.
   Int+4:     It affects your intelligence (+4).
   Dex+3:     It affects your dexterity (+3).
   Rampage:   It bestows one free step when moving towards enemies.
Wands
 a - a wand of digging (12)
 p - a wand of roots (22)
 t - a wand of flame (49)
 v - a wand of quicksilver (2)
 w - a wand of polymorph (24)
 O - a wand of charming (13)
Scrolls
 n - 2 scrolls of immolation
 q - 5 scrolls of poison
 A - 2 scrolls of fear
 I - 3 scrolls of fog
 N - a scroll of summoning
 P - 3 scrolls of teleportation
 S - 3 scrolls of identify
 T - a scroll of vulnerability
 X - 2 scrolls of enchant armour
Potions
 b - a potion of resistance
 c - a potion of berserk rage
 d - 4 potions of might
 f - 2 potions of magic
 j - a potion of brilliance
 k - 2 potions of cancellation
 u - 4 potions of enlightenment
 x - 3 potions of curing
 z - 5 potions of mutation
 E - 3 potions of heal wounds
 G - a potion of invisibility
 H - a potion of ambrosia
 J - 4 potions of haste


   Skills:
 + Level 17.5 Fighting
 + Level 18.7 Axes
 + Level 17.8 Armour
 + Level 16.2 Shields


You had 15 spell levels left.
You didn't know any spells.
Your spell library contained the following spells:

 Spells                   Type           Power      Damage    Failure   Level
 Apportation              Tloc           0%         N/A       98%         1
 Magic Dart               Conj           0%         1d3       98%         1
 Ensorcelled Hibernation  Hex/Ice        0%         N/A       99%         2
 Jinxbite                 Hex            0%         N/A       99%         2
 Poisonous Vapours        Pois/Air       0%         N/A       99%         2
 Searing Ray              Conj           0%         2d4       99%         2
 Wereblood                Tmut           0%         N/A       99%         2
 Frozen Ramparts          Ice            0%         1d1       100%        3
 Hailstorm                Conj/Ice       0%         3d3       100%        3
 Ignite Poison            Fire/Tmut/Pois 0%         N/A       100%        3
 Mephitic Cloud           Conj/Pois/Air  0%         N/A       100%        3
 Ozocubu's Armour         Ice            0%         N/A       100%        3
 Fulminant Prism          Conj/Hex       0%         3d5       100%        4
 Olgreb's Toxic Radiance  Pois           0%         N/A       100%        4
 Petrify                  Tmut/Erth      0%         N/A       100%        4
 Summon Ice Beast         Ice/Summ       0%         N/A       100%        4
 Alistair's Intoxication  Tmut/Pois      0%         N/A       100%        5
 Freezing Cloud           Conj/Ice/Air   0%         6-21      100%        5
 Irradiate                Conj/Tmut      0%         3d11      100%        5
 Metabolic Englaciation   Hex/Ice        0%         N/A       100%        5
 Ozocubu's Refrigeration  Ice            0%         4d7       100%        7
 Discord                  Hex            0%         N/A       100%        8
 Ignition                 Fire           0%         3d3       100%        8
 Chain Lightning          Conj/Air       0%         N/A       100%        9
 Fire Storm               Conj/Fire      0%         5d1       100%        9
 Shatter                  Erth           0%         3d5*      100%        9
 Simulacrum               Ice/Necr       Unusable   N/A       N/A         6

Dungeon Overview and Level Annotations

Branches:
Dungeon (15/15)            Temple (1/1) D:7            Lair (4/5) D:10
  Swamp (1/4) Lair:2       Spider (1/4) Lair:2          Orc (2/2) D:11
    Elf (0/3) Orc:2        Vaults (0/5) D:14         Depths (0/4) D:15
  Sewer (visited)          Bailey (visited)           IceCv (visited)
  Slime: Lair:4-5

Altars:
Ashenzari
Cheibriados
Dithmenos
Elyvilon
Fedhas
Gozag
Hepliaklqana
Kikubaaqudgha
Makhleb
Nemelex Xobeh
Okawaru
Qazlal
Ru
Sif Muna
Trog
Uskayaw
Vehumet
Wu Jian
Xom
Yredelemnul
Zin
The Shining One
Beogh

Shops:
D:9 [   D:11 (   D:14 (   D:15 [   Orc:1 [   Orc:2 [*(:   Lair:2 [(

Annotations:
Lair:1 1 runed translucent door, gurdl9716's ghost, novice TrEE


Message History

The stream of webbing hits you but does no damage.
You are caught in a web!
The demonic crawler hits you but does no damage. x3
The demonic crawler completely misses you.
The demonic crawler hits you but does no damage.
The demonic crawler hits you.
The jorogumo stares at you and mumbles some strange words.
The stream of webbing hits you but does no damage.
You are even more entangled.
The demonic crawler hits you but does no damage. x2
The demonic crawler hits you.
* * * LOW HITPOINT WARNING * * *
Unknown command.
Okay, then.
The web tears apart.
A moth of wrath comes into view.
The demonic crawler misses you.
You block the demonic crawler's attack. x2
The entropy weaver casts a spell at you.
The entropic weave corrodes you!
The jorogumo hits you but does no damage.
You block the demonic crawler's attack.
The demonic crawler completely misses you.
The demonic crawler hits you but does no damage. x2
You block the demonic crawler's attack. The demonic crawler hits you!
* * * LOW HITPOINT WARNING * * *
The jorogumo hits you.
* * * LOW HITPOINT WARNING * * *
You suddenly lose the ability to move!
The demonic crawler hits you but does no damage.
The demonic crawler hits you!
* * * LOW HITPOINT WARNING * * *
The demonic crawler hits you!
* * * LOW HITPOINT WARNING * * *
The moth of wrath's fur bristles in rage as it notices you.
The culicivora chitters at the culicivora.
The culicivora is healed somewhat.
The demonic crawler hits you!
* * * LOW HITPOINT WARNING * * *
The demonic crawler hits you!
You die...
Your body crumbles into a pile of gold.

#...#...#........$.$...###...#
#^.....##......^.$.....#.#...# ##
##^...^##...................^#..#
.###^.###....>..................#
..##### #####..................#.
### #.................... #
##.......$........... #
##....B...............
#.)..@sss.....^.......
##.#.HsBs.............
#.#.....ss.s.......^.$
#..........$s$.........
#..........ws$.........
#^....y....$<$s........
#.....................
##...................
.......^..ssBs..


You could see a jorogumo (very poisoned), a boulder beetle (unable to see you),
an entropy weaver, a torpor snail (unable to see you), 2 demonic crawlers, a
wolf spider (unable to see you), a moth of wrath (wandering, unable to see you),
2 culicivoras, a jumping spider (unable to see you), 2 tarantellas and 2
redbacks.

Vanquished Creatures
  A ghost moth (Spider:1)
  A broodmother (Spider:1)
  An orc warlord (Orc:2)
  Nessos (D:14)
  An entropy weaver (Spider:1)
  A yaktaur captain (D:15)
  The ghost of greenreed the Fighter, a journeyman MiFi of Hepliaklqana (D:11)
  4 jorogumos (Spider:1)
  An ice dragon (IceCv)
  3 hydras
  3 ogre magi (D:15)
  A catoblepas (D:14)
  A vault guard (D:14)
  A rakshasa (D:14)
  14 two-headed ogres
  A death knight (D:14)
  2 centaur warriors
  5 boulder beetles
  A deep troll earth mage (D:15)
  7 death yaks
  2 tengu warriors
  5 orc high priests (Orc:2)
  A demonic crawler (Spider:1)
  3 skeletal warriors (D:14)
  A fire crab (shapeshifter) (D:14)
  An orb spider (Spider:1)
  An arcanist (D:14)
  A phantasmal warrior (D:15)
  5 orc knights
  A lindwurm (Lair:2)
  6 deep elf pyromancers
  7 orc sorcerers
  A manticore (D:12)
  2 ugly things (D:13)
  8 cyclopes
  An oklob plant (D:10)
  6 wolf spiders (Spider:1)
  A salamander (shapeshifter) (D:14)
  3 black mambas
  2 ice statues (IceCv)
  5 cane toads
  An unseen horror (D:11)
  A gargoyle (D:12)
  7 komodo dragons
  A yaktaur (shapeshifter) (D:13)
  An efreet (D:15)
  8 rime drakes
  2 yaktaurs (D:15)
  2 freezing wraiths (D:15)
  A tengu conjurer (D:14)
  A meliai (D:14)
  3 trolls
  2 polar bears
  2 hornets (D:9)
  Grinder (D:3)
  A dream sheep (Lair:3)
  7 tarantellas (Spider:1)
  5 blink frogs (Lair:1)
  3 centaur simulacra (D:11)
  13 jumping spiders
  10 slime creatures
  15 culicivoras
  A shadow (D:12)
  A culicivora (shapeshifter) (D:14)
  A water elemental (D:11)
  A wyvern (Lair:2)
  36 yaks
  5 wraiths
  Grum (D:11)
  5 basilisks
  16 redbacks (Spider:1)
  3 steam dragons
  10 vampire mosquitoes
  The ghost of voltaire321 the Chiller, an amateur DsIE (D:4)
  An acid dragon (D:14)
  6 water moccasins
  A meliai simulacrum (D:11)
  2 sky beasts
  6 ice beasts
  3 black bears
  62 orc warriors
  17 ogres
  5 wolves
  7 centaurs
  12 bullfrogs
  3 kobold brigands
  2 gnoll sergeants
  A wyvern skeleton (D:4)
  A scorpion (D:5)
  15 wights
  20 killer bees
  2 lindwurm simulacra (IceCv)
  14 howler monkeys
  17 electric eels
  2 centaur zombies (D:4)
  8 komodo dragon simulacra (IceCv)
  8 hounds
  29 orc priests
  3 jellies
  Jessica (D:3)
  2 sleepcaps (D:6)
  Natasha (thrice) (D:2)
  Terence (D:2)
  4 hell rats (Lair:4)
  3 iguanas
  40 orc wizards
  Robin (D:2)
  9 adders
  19 gnolls
  5 acid dragon simulacra (IceCv)
  A river rat (Sewer)
  4 white imps
  6 steam dragon simulacra (IceCv)
  3 ufetubi (D:11)
  A worm (D:2)
  134 orcs
  11 ball pythons
  4 bats
  8 endoplasms
  6 giant cockroaches
  18 goblins
  14 hobgoblins
  3 quokkas
  12 frilled lizards
  22 kobolds
  7 rats
871 creatures vanquished.

Vanquished Creatures (others)
  A water elemental (D:11)
  An orc wizard (D:11)
  An orc (D:11)
3 creatures vanquished.

Grand Total: 874 creatures vanquished

Notes
Turn   | Place    | Note
-------+----------+-------------------------------------------
     0 | D:1      | p00ps00p the Hill Orc Fighter began the quest for the Orb.
     0 | D:1      | Reached XP level 1. HP: 19/19 MP: 1/1
   131 | D:1      | Reached skill level 3 in Axes
   131 | D:1      | Reached XP level 2. HP: 27/27 MP: 2/2
  1201 | D:2      | Noticed Natasha
  1212 | D:2      | Killed Natasha
  1213 | D:2      | Reached XP level 3. HP: 11/33 MP: 3/3
  1767 | D:2      | Reached XP level 4. HP: 40/40 MP: 4/4
  1938 | D:2      | Found a radiant altar of Vehumet.
  1951 | D:2      | Noticed Natasha
  1953 | D:2      | Noticed Robin
  1966 | D:2      | Killed Natasha
  1967 | D:2      | Reached skill level 4 in Axes
  1968 | D:2      | Reached XP level 5. HP: 29/47 MP: 5/5
  1977 | D:2      | Killed Robin
  2259 | D:2      | Noticed Natasha
  2265 | D:2      | Killed Natasha
  2349 | D:2      | Noticed Terence
  2360 | D:2      | Killed Terence
  2671 | D:3      | Noticed Jessica
  2680 | D:3      | Killed Jessica
  2681 | D:3      | Reached skill level 5 in Fighting
  2681 | D:3      | Reached XP level 6. HP: 56/56 MP: 6/6
  2689 | D:3      | Identified the +1 pair of gloves of the Louse {rN+}
  2770 | D:3      | Noticed Grinder
  2784 | D:3      | Killed Grinder
  2785 | D:3      | Reached skill level 5 in Axes
  2785 | D:3      | Reached skill level 5 in Armour
  2785 | D:3      | Reached skill level 5 in Shields
  2876 | D:3      | Reached XP level 7. HP: 56/61 MP: 7/7
  3138 | D:4      | Found an iron altar of Okawaru.
  3162 | D:4      | Found a burning altar of Makhleb.
  3381 | D:4      | Found a transporter.
  3381 | D:4      | Noticed voltaire321's ghost (amateur DsIE)
  3760 | D:5      | Entered Level 5 of the Dungeon
  3942 | D:5      | Reached skill level 6 in Axes
  4042 | D:5      | Found a glowing drain.
  4085 | D:5      | Reached XP level 8. HP: 58/71 MP: 8/8
  4109 | Sewer    | Entered a sewer
  4889 | D:5      | Reached skill level 7 in Axes
  5688 | D:6      | Reached XP level 9. HP: 79/79 MP: 9/9
  6257 | D:7      | Identified the of Uceomag
  6268 | D:7      | Reached skill level 8 in Axes
  6488 | D:7      | Found a staircase to the Ecumenical Temple.
  6564 | D:7      | Reached skill level 9 in Axes
  6627 | Temple   | Entered the Ecumenical Temple
  6635 | Temple   | Became a worshipper of Gozag Ym Sagoz the Greedy
  6911 | D:9      | Noticed a two-headed ogre
  6925 | D:9      | Killed a two-headed ogre
  6926 | D:9      | Reached XP level 10. HP: 30/91 MP: 10/10
  7007 | D:9      | Found a sparkling altar of Nemelex Xobeh.
  7026 | D:9      | Reached skill level 10 in Axes
  7091 | D:9      | Found a glowing golden altar of the Shining One.
  7108 | D:9      | Found a white marble altar of Elyvilon.
  7242 | D:9      | Found a flagged portal.
  7260 | Bailey   | Entered a bailey
  7405 | Bailey   | Noticed an orc knight
  7423 | Bailey   | Reached skill level 10 in Fighting
  7424 | Bailey   | Killed an orc knight
  7983 | Bailey   | Reached skill level 11 in Axes
  7983 | Bailey   | Reached XP level 11. HP: 86/101 MP: 11/11
  8002 | Bailey   | Acquired 1036 gold pieces
  8114 | Bailey   | Found an iron altar of Okawaru.
  8114 | Bailey   | Noticed an orc sorcerer
  8114 | Bailey   | Noticed an orc sorcerer
  8153 | Bailey   | Noticed a sun demon
  8161 | Bailey   | Killed an orc sorcerer
  8188 | Bailey   | Killed an orc sorcerer
  8530 | Bailey   | Reached skill level 10 in Shields
  8621 | D:9      | Reached skill level 10 in Armour
  8660 | D:9      | Bought a glowing plate armour for 754 gold pieces
  8660 | D:9      | Bought a glowing buckler for 217 gold pieces
  9352 | D:8      | Found a sacrificial altar of Ru.
  9972 | D:4      | Found a transporter.
  9993 | D:4      | Killed voltaire321's ghost
 10174 | D:10     | Entered Level 10 of the Dungeon
 10318 | D:10     | Found a staircase to the Lair.
 10320 | D:10     | Noticed an oklob plant
 10888 | D:10     | Found a hazy altar of Hepliaklqana.
 10895 | D:10     | Noticed a two-headed ogre
 10909 | D:10     | Killed a two-headed ogre
 11309 | D:10     | Killed an oklob plant
 11310 | D:10     | Reached skill level 12 in Axes
 11362 | Lair:1   | Entered Level 1 of the Lair of Beasts
 11508 | Lair:1   | Found a runed translucent door.
 11508 | Lair:1   | Noticed gurdl9716's ghost (novice TrEE)
 11574 | Lair:1   | Noticed a death yak
 11574 | Lair:1   | Noticed a death yak
 11575 | Lair:1   | Noticed a death yak
 12043 | D:11     | Noticed a two-headed ogre
 12053 | D:11     | Killed a two-headed ogre
 12054 | D:11     | Reached XP level 12. HP: 89/112 MP: 12/12
 12142 | D:11     | Noticed Grum
 12161 | D:11     | Killed Grum
 12161 | D:11     | Noticed a two-headed ogre
 12169 | D:11     | Killed a two-headed ogre
 12217 | D:11     | Found a runed translucent door.
 12218 | D:11     | Noticed greenreed's ghost (journeyman MiFi)
 12271 | D:11     | Found a roughly hewn altar of Beogh.
 12284 | D:11     | Reached skill level 13 in Axes
 12418 | D:11     | Noticed a tengu warrior
 12421 | D:11     | Found the +18 Lear's hauberk
 12432 | D:11     | Killed a tengu warrior
 12564 | D:11     | Noticed a two-headed ogre
 12577 | D:11     | Killed a two-headed ogre
 13103 | D:11     | Found a staircase to the Orcish Mines.
 13318 | Orc:1    | Entered Level 1 of the Orcish Mines
 13453 | Orc:1    | Noticed a sun demon
 13477 | D:11     | Paralysed by an orc sorcerer for 2 turns
 13812 | Orc:1    | Found Ypluikot's Armour Emporium.
 13860 | Orc:1    | Found a roughly hewn altar of Beogh.
 14029 | Orc:1    | Reached skill level 14 in Axes
 14269 | Orc:1    | Bought +0 gold dragon scales for 1280 gold pieces
 14302 | Orc:2    | Identified the "Fomovi"
 14302 | Orc:2    | Entered Level 2 of the Orcish Mines
 14302 | Orc:2    | Found a staircase to the Elven Halls.
 14504 | Orc:2    | Reached XP level 13. HP: 122/122 MP: 13/13
 14598 | Orc:2    | Found a roughly hewn altar of Beogh.
 14902 | Orc:2    | Noticed an orc warlord
 14930 | Orc:2    | Killed an orc warlord
 15290 | Orc:2    | Paralysed by an orc sorcerer for 5 turns
 15815 | Orc:2    | Found Goodofui's General Store.
 15816 | Orc:2    | Found Lapeson's Book Shoppe.
 15818 | Orc:2    | Found Cetiop's Antique Armour Emporium.
 15818 | Orc:2    | Found Tanuf's Antique Weapon Emporium.
 15823 | Orc:2    | Bought a spiked chain mail for 266 gold pieces
 15823 | Orc:2    | Identified the +6 chain mail "Mofiar" {Dex+2} (You bought
                  | it in a shop on level 2 of the Orcish Mines)
 15823 | Orc:2    | Bought a pair of pitted boots for 266 gold pieces
 15823 | Orc:2    | Identified the +0 pair of boots of Ciliseomo {-Cast Str+4}
                  | (You bought it in a shop on level 2 of the Orcish Mines)
 15866 | Orc:2    | Reached skill level 15 in Axes
 16588 | D:9      | Found a blossoming altar of Fedhas.
 17471 | Lair:2   | Reached XP level 14. HP: 133/133 MP: 14/14
 17502 | Lair:2   | Found a hole to the Spider Nest.
 17714 | Lair:2   | Found a staircase to the Swamp.
 17780 | Lair:2   | Found a frozen archway.
 17824 | IceCv    | Entered an ice cave
 18422 | IceCv    | Reached skill level 15 in Fighting
 18500 | IceCv    | Identified the amulet of Yrhicou {Faith Int+6}
 18504 | IceCv    | Identified the amulet of the Blue Skies {Spirit Rampage
                  | Int+4 Dex+3}
 18507 | IceCv    | Identified the ring "Qycranweta" {rPois rF+ Will+++ rCorr
                  | Int-3}
 18986 | Lair:2   | Acquired 716 gold pieces
 18994 | Lair:2   | Reached skill level 16 in Axes
 19016 | Lair:2   | Bought a faintly glowing mace for 224 gold pieces
 19016 | Lair:2   | Identified the +7 mace of Iconoclasm {spect, *Slow rF++
                  | rN+++} (You bought it in a shop on level 2 of the Lair of
                  | Beasts)
 19018 | Lair:2   | Bought a +1 pair of gloves of strength for 247 gold pieces
 21138 | Lair:4   | Acquired a manual of Armour
 21219 | Swamp:1  | Entered Level 1 of the Swamp
 21233 | Swamp:1  | Noticed an eleionoma
 22198 | D:12     | Found a blossoming altar of Fedhas.
 23593 | D:13     | Reached skill level 15 in Armour
 23669 | D:13     | Identified the +2 scale mail "Teck" {-Tele Str+3 Stlth+}
 23718 | D:13     | Reached XP level 15. HP: 143/143 MP: 15/15
 23927 | D:14     | You fall into a shaft and drop 1 floor!
 23927 | D:15     | Entered Level 15 of the Dungeon
 23930 | D:15     | Found a staircase to the Depths.
 23941 | D:15     | Reached skill level 17 in Axes
 24396 | D:14     | Reached skill level 15 in Shields
 25136 | D:14     | Found a gate to the Vaults.
 25630 | D:14     | Acquired 980 gold pieces
 25632 | D:14     | Acquired the amulet "Iduasch" {Reflect -Cast Str+6 SH+5
                  | SInv}
 26066 | D:15     | Noticed Nessos
 26083 | D:14     | Reached skill level 18 in Axes
 27243 | D:14     | Killed Nessos
 28042 | D:11     | Killed greenreed's ghost
 29047 | Spider:1 | Entered Level 1 of the Spider Nest
 29268 | Spider:1 | Reached XP level 16. HP: 150/155 MP: 16/16
 30201 | Spider:1 | Paralysed by a jorogumo for 2 turns
 30217 | Spider:1 | Paralysed by a jorogumo for 2 turns
 30218 | Spider:1 | HP: 7/155 [demonic crawler[a torpor snail] (11)]
 30218 | Spider:1 | Slain by a demonic crawler

Illustrated notes

Levels and vault maps discovered:
D:1:      scummos_arrival_hexagon, layout_basic
D:2:      cheibrodos_helix_gallery, layout_loops_corners, basic_altar,
          uniq_natasha, uniq_terence, uniq_robin
D:3:      layout_rooms, uniq_jessica, uniq_grinder
D:4:      layout_loops_cross, bloody_makhleb, mainiacjoe_overflow_boulevard,
          gammafunk_ghost_mausoleum, minmay_ruptured
D:5:      layout_loops_ring, gup_sewer_entry_glass,
          nicolae_houndstooth_variations
D:6:      layout_basic, nicolae_concentric_dashed_squares_wild,
          lexackson_kobold_supper
D:7:      cheibrodos_barr_body, layout_rooms, minmay_temple_entry_mist
D:8:      layout_loops_ring, nicolae_ru_sacrificial_ziggurat
D:9:      layout_rooms, elyvilon_altar_1, nicolae_overflow_hidden_temple,
          mainiacjoe_overflow_large_starburst, enter_bailey_2
D:10:     layout_roguey, old_standard_altar, dpeg_oklobed_lair
D:11:     layout_roguey [special_room_orc], erik_orc_2, gammafunk_ghost_grave,
          serial_ice, serial_ice_f, serial_ice_l, serial_ice_o, serial_ice_h,
          serial_ice_g, serial_ice_e, serial_ice_c, serial_ice_d,
          chequers_serial_rivers_micro_e, glass_columns_a, minivault_14,
          hellmonk_guarded_unrand_lears, uniq_grum
D:12:     layout_roguey, fedhas_altar_fruit_tree
D:13:     layout_gridville, kennysheep_path_1
D:14:     layout_long_grid, david_vaults_5, lightli_fourway_metalbox
D:15:     hellmonk_depths_entry_around_the_bend, layout_rooms,
          minmay_stone_trees_small, chequers_jeans, uniq_nessos
Temple:   nicolae_temple_two_arcs
Lair:1:   layout_gridlike, hellmonk_ghost_happy_afterlife, beast_lair_carwin_1,
          infiniplex_staircase_pool, grunt_megastairs_3
Lair:2:   layout_misc_corridors, minmay_swamp_entry_eels,
          nicolae_spider_entry_tight_spaces, portal_ice_cave_rime,
          serial_bayou_lagoon_a
Lair:3:   layout_regular_city, grunt_forest_large_clearings, grunt_megastairs_5
Lair:4:   layout_gridlike, chequers_serial_rivers_marsh,
          eino_small_chamber_without_monster, patterned_corridor,
          serial_bayou_shore_a
Swamp:1:  layout_falls_marsh, ebering_ghost_rock_garden,
          nicolae_swamp_orc_logging_accident
Spider:1: layout_spider_delve, nicolae_spider_world_wide_web
Orc:1:    layout_caves, basic_altar, serial_shops, shop
Orc:2:    st_orc_congregation, layout_caves, kennysheep_orc_chapel

Skill      XL: |  1  2  3  4  5  6  7  8  9 10 11 12 13 14 15 16 |
---------------+-------------------------------------------------+-----
Axes           | 3 4 5 6 7 9 11 12 14 15 16 18 | 18.7
Fighting       | 4 5 6 7 9 10 11 13 14 15 17 | 17.5
Shields        | 4 5 6 8 9 11 12 13 14 15 16 | 16.2
Armour         | 4 5 6 8 9 11 12 13 15 17 | 17.8

Action                     |  1- 3 |  4- 6 |  7- 9 | 10-12 | 13-15 | 16-18 || total
---------------------------+-------+-------+-------+-------+-------+-------++-------
  Melee: Hand axe          |    70 |    96 |   399 |   917 |  1387 |   155 ||  3024
         Morningstar       |       |       |       |       |    16 |       ||    16
 Invoke: Call Merchant     |       |       |       |     2 |     4 |       ||     6
  Evoke: Wand              |       |       |     2 |    12 |    10 |     1 ||    25
    Use: Scroll            |     3 |     1 |    17 |    12 |    14 |     3 ||    50
         Potion            |       |       |       |     2 |     3 |     7 ||    12
   Stab: Distracted        |       |       |       |     2 |     6 |       ||     8
         Invisible         |       |       |       |       |       |     1 ||     1
 Armour: Plate armour      |    55 |    87 |   271 |   372 |       |       ||   785
         Scale mail        |     1 |       |       |       |       |       ||     1
         Chain mail        |       |       |    77 |   213 |       |       ||   290
         Gold dragon scale |       |       |       |    22 |  1026 |   269 ||  1317
  Dodge: Dodged            |    18 |    38 |   132 |   194 |   213 |    72 ||   667
  Block: Buckler           |     9 |    20 |    74 |   224 |   475 |   149 ||   951
         Reflection        |       |       |       |       |    12 |       ||    12

Table legend: (Time is in decaauts)
 A = Elapsed time spent in this place.
 B = Non-inter-level travel time spent in this place.
 C = Inter-level travel time spent in this place.
 D = Time resting spent in this place.
 E = Time spent auto-exploring this place.
 F = Levels seen in this place.
 G = Mean time per level.
                   A        B        C        D        E       F      G
               +--------+--------+--------+--------+--------+-----+--------+
         Total |  29545 |  26754 |   2791 |   6524 |  13627 |  27 | 1094.3 |
       Dungeon |  19429 |  17100 |   2329 |   4430 |   9130 |  15 | 1295.3 |
        Temple |     16 |      8 |      8 |      0 |      0 |   1 |   16.0 |
          Lair |   4293 |   3964 |    329 |    201 |   2884 |   4 | 1073.2 |
         Swamp |     21 |     21 |      0 |      0 |      3 |   1 |   21.0 |
   Spider Nest |   1097 |   1087 |     10 |    724 |      0 |   1 | 1097.0 |
  Orcish Mines |   2243 |   2129 |    114 |    366 |   1029 |   2 | 1121.5 |
         Sewer |    429 |    429 |      0 |      0 |    263 |   1 |  429.0 |
        Bailey |   1276 |   1276 |      0 |    503 |    244 |   1 | 1276.0 |
      Ice Cave |    738 |    738 |      0 |    300 |     72 |   1 |  738.0 |
               +--------+--------+--------+--------+--------+-----+--------+

Top non-repeatable levels by time:
    D:14: 3491 daAuts
    D:11: 2299 daAuts
   Orc:2: 1528 daAuts
     D:2: 1516 daAuts
    D:10: 1486 daAuts
     D:5: 1453 daAuts
  Lair:2: 1374 daAuts
  Bailey: 1276 daAuts
     D:1: 1211 daAuts
    D:12: 1196 daAuts
  Lair:1: 1140 daAuts
Spider:1: 1097 daAuts
     D:9: 1066 daAuts
    D:13: 996 daAuts
     D:4: 941 daAuts
